 Dungeon Crawl Stone Soup version 0.29-a0-284-gf9362112df (webtiles) character file.

Game seed: 15392768423859700678

9 NinjaNoafa the Insei (level 2, -1/31 HPs)
             Began as a Merfolk Transmuter on Mar 28, 2022.
             Was a Follower of Okawaru.
             Slain by an adder (3 damage)
             ... on level 2 of the Dungeon.
             The game lasted 00:03:17 (266 turns).

NinjaNoafa the Insei (Merfolk Transmuter)            Turns: 266, Time: 00:03:17

Health: -1/31      AC: 21    Str: 10    XL:     2   Next: 16%
Magic:  5/5        EV:  2    Int: 12    God:    Okawaru [*.....]
Gold:   48         SH:  0    Dex: 14    Spells: 4/5 levels left

rFire   . . .      SeeInvis .   f - +0 dagger (speed)
rCold   . . .      Faith    .   (no shield)
rNeg    . . .      Spirit   .   (body armour currently unavailable)
rPois   +          Reflect  .   (helmet currently unavailable)
rElec   .          Harm     .   (cloak currently unavailable)
rCorr   .          Rampage  .   (gloves currently unavailable)
Will    .....      NoTele   +   (boots currently unavailable)
Stlth   +.........              (no amulet)
HPRegen 0.10/turn               (no ring)
MPRegen 0.09/turn               (no ring)

@: tree-form
A: stationary, stasis, torment immunity, boosted hp, (nimble swimmer 2),
(mertail)
a: Renounce Religion, Heroism


You were on level 2 of the Dungeon.
You worshipped Okawaru.
Okawaru was aware of your devotion.
You were a tree.
You visited 1 branch of the dungeon, and saw 2 of its levels.

You collected 48 gold pieces.

Inventory:

Hand Weapons
 e - a +0 dagger
 f - a +0 dagger of speed (weapon)
 g - a +0 hand axe
Armour
 a - a +0 robe (melded)
 d - a +0 pair of boots


   Skills:
 + Level 1.1 Fighting
 * Level 0.4 Short Blades
 + Level 2.8 Dodging
 - Level 3.6 Unarmed Combat
 + Level 2.1 Spellcasting
 + Level 2.9 Transmutations


You had 4 spell levels left.
You knew the following spells:

 Your Spells              Type           Power      Damage    Failure   Level
a - Beastly Appendage     Tmut           16%        N/A       9%          1

Your spell library contained the following spells:

 Spells                   Type           Power      Damage    Failure   Level
 Wereblood                Tmut           8%         N/A       12%         2
 Spider Form              Tmut/Pois      4%         N/A       41%         3
 Ice Form                 Ice/Tmut       4%         N/A       83%         4


Dungeon Overview and Level Annotations

Branches:
Dungeon (2/15)

Altars:
Okawaru


Innate Abilities, Weirdness & Mutations

You are a tree.
Your roots penetrate the ground, keeping you stationary.
You cannot be teleported.
You are immune to unholy pain and torment.
Your maximum health is greatly increased.
Your equipment is partially melded.
((You are very nimble when in or above water. (Stealth+, EV+, Speed+++)))
((Your lower body shifts to a powerful aquatic tail in water.))


Message History

The adder closely misses you.
An adder comes into view.
The goblin unwields a +0 club.
The goblin wields a +0 hunting sling.
The goblin shoots a sling bullet.
The sling bullet hits you. The adder bites you.
You are poisoned.
The adder poisons you!
You see here a +0 dagger.
You closely miss the adder.
* * * LOW HITPOINT WARNING * * *
You feel sick.
The adder hisses angrily.
The adder barely misses you.
The goblin shoots a sling bullet.
The sling bullet hits you but does no damage.
* * * LOW HITPOINT WARNING * * *
You feel sick. The adder misses you. The adder attacks as you move away!
The adder misses you.
* * * LOW HITPOINT WARNING * * *
You feel sick. The adder bites you but does no damage.
* * * LOW HITPOINT WARNING * * *
You feel sick.
As you read the scroll labelled ENOLASOSSU, it crumbles to dust.
You feel aware of your surroundings.
It was a scroll of magic mapping.
* * * LOW HITPOINT WARNING * * *
You feel sick. The adder bites you but does no damage.
You turn into a tree.
Your +0 robe melds into your body.
Your roots penetrate the ground.
You feel sick.
You are no longer poisoned.
The adder bites you.
* * * LOW HITPOINT WARNING * * *
The goblin unwields a +0 hunting sling.
The goblin wields a +0 club.
The goblin hits you but does no damage.
You cannot move.
You closely miss the adder. Your punch misses the adder.
The adder bites you but does no damage. x2
You barely miss the adder. The adder bites you but does no damage.
The goblin hits you but does no damage.
You barely miss the adder.
The adder bites you but does no damage. x2
You completely miss the adder. The adder bites you.
You die...

*,,,,,* ****,,*,,,,* **,,,,,*
*,,,,,,,,,,* ,,,,,,,*
*,,,,,,,,,,* ,,,,,*#############
*,,,,,,,,,,* ,,,,,*#...........#
*,,,,,,,*,*** ,,,,,*#...........#
*,,,,,,,*,* * ,,,,,*#...........#
******,,*,* *
,,,,,*#........g..#### **,*,* *
,,,,,*#......).S♣.'..# *,*,* *
,,,,,*#........S..##.# *,,,***
,,,,,*#...........##.# *,,,,,,
,,,,,,............##.######.,,***
,,,,,,.#####.#####..........*>,,,
,,,,,,,* #.* #..........*****
,,,,,,,* #.* #..........* *,
,,,,,,,****#.* #####'######.* *,
,,,,,,,+,,,,,* #........# *,* *,


You could see 2 adders and a goblin.

Vanquished Creatures
  A ball python (D:1)
  3 endoplasms (D:1)
  A goblin (D:1)
  A hobgoblin (D:1)
  2 kobolds
8 creatures vanquished.

Notes
Turn   | Place    | Note
-------+----------+-------------------------------------------
     0 | D:1      | NinjaNoafa the Merfolk Transmuter began the quest for the
                  | Orb.
     0 | D:1      | Reached XP level 1. HP: 15/15 MP: 3/3
    74 | D:1      | Found a faded altar of an unknown god.
    84 | D:1      | Prayed at the altar of an unknown god.
    84 | D:1      | Became a worshipper of Warmaster Okawaru
    84 | D:1      | Reached * piety under Okawaru
   132 | D:1      | Reached XP level 2. HP: 18/21 MP: 5/5
   266 | D:2      | Slain by an adder

Illustrated notes

Levels and vault maps discovered:
D:1:      amcnicky_arrival_single_pillar, layout_loops_ring, serial_forest,
          infiniplex_forest_clump_curved, infiniplex_forest_lined_1,
          infiniplex_forest_end_double, infiniplex_forest_straight_2,
          infiniplex_forest_straight_3, infiniplex_forest_clump_cross,
          serial_shops, shop, chequers_ecumenical_altar_twisty
D:2:      layout_basic, minmay_pentomino_r2

Action                   || total
-------------------------++-------
Melee: Unarmed           ||    13
       Dagger            ||    13
       Punch             ||     1
  Use: Scroll            ||     1
       Potion            ||     1
Armor: Robe              ||     6
       Skin              ||     7
Dodge: Dodged            ||    16

Table legend: (Time is in decaauts)
 A = Elapsed time spent in this place.
 B = Non-inter-level travel time spent in this place.
 C = Inter-level travel time spent in this place.
 D = Time resting spent in this place.
 E = Time spent auto-exploring this place.
 F = Levels seen in this place.
 G = Mean time per level.
                   A        B        C        D        E       F      G
               +--------+--------+--------+--------+--------+-----+--------+
         Total |    260 |    260 |      0 |      0 |      0 |   2 |  130.0 |
       Dungeon |    260 |    260 |      0 |      0 |      0 |   2 |  130.0 |
               +--------+--------+--------+--------+--------+-----+--------+

Top non-repeatable levels by time:
     D:1: 215 daAuts
     D:2: 45 daAuts
